 Dungeon Crawl Stone Soup version 0.20-a0-222-gb69ddcd (webtiles) character file.

124369 Ijustatesigmund the Severer (level 16, -15/152 HPs)
             Began as a Minotaur Fighter on Nov 4, 2016.
             Was the Champion of Okawaru.
             Killed from afar by a frost giant (53 damage)
             ... with a bolt of cold
             ... on level 1 of the Depths on Nov 29, 2016.
             The game lasted 01:33:25 (26987 turns).

Ijustatesigmund the Severer (Minotaur Fighter)     Turns: 26987, Time: 01:33:26

Health: -15/152    AC: 26    Str: 22    XL:     16   Next: 39%
Magic:  25/25      EV: 14    Int:  5    God:    Okawaru [******]
Gold:   735        SH: 28    Dex: 16    Spells: 14/15 levels left

rFire  . . .     SeeInvis .     T - +5 war axe "Gampiq" {flame, rN+ MR+}
rCold  . . .     Gourm    .     O - +4 chain mail
rNeg   + + .     Faith    +     G - +7 large shield "Daifik Meuso" {rCorr}
rPois  .         Spirit   .     y - +0 hat "Hobauts" {rElec}
rElec  +         Reflect  .     k - +1 cloak
rCorr  +         Harm     .     a - +0 pair of gloves
MR     ++...                    A - +4 pair of boots of the Skies Above {+Fly rN+}
Stlth  ..........               F - amulet of faith
                                w - +3 ring of evasion
                                n - +4 ring of slaying

@: no status effects
A: retaliatory headbutt, horns 2, iridescent scales 1, sturdy frame 1
a: Heroism, Finesse, Renounce Religion, Evoke Flight


You were on level 1 of the Depths.
You worshipped Okawaru.
Okawaru was exalted by your worship.
You were not hungry.

You visited 4 branches of the dungeon, and saw 24 of its levels.
You visited 1 bazaar.
You also visited: Volcano.

You collected 2478 gold pieces.
You spent 1743 gold pieces at shops.

Inventory:

Hand Weapons
 d - the +10 war axe of Inconvenience {chop, rF+ SInv}
   (You bought it in a shop on level 2 of the Orcish Mines)

   It inflicts extra damage upon your enemies.
   It protects you from fire.
   It lets you see invisible.
 T - the +5 war axe "Gampiq" (weapon) {flame, rN+ MR+}
   (You bought it in a shop on level 4 of the Dungeon)

   It has been specially enchanted to burn those struck by it, causing extra
   injury to most foes and up to half again as much damage against particularly
   susceptible opponents.
   Big, fiery blades are also staple armaments of hydra-hunters.
   It protects you from negative energy.
   It affects your resistance to hostile enchantments.
 Z - the +10 war axe "Vargh" {chop, rN+ Str+4}
   (Okawaru gifted it to you on level 2 of the Lair of Beasts)

   It inflicts extra damage upon your enemies.
   It affects your strength (+4).
   It protects you from negative energy.
Missiles
 I - 3 throwing nets (quivered)
Armour
 a - a +0 pair of gloves (worn)
 k - a +1 cloak (worn)
 y - the +0 hat "Hobauts" (worn) {rElec}
   (You bought it in a shop on level 4 of the Dungeon)

   It insulates you from electricity.
 A - the +4 pair of boots of the Skies Above (worn) {+Fly rN+}
   (Okawaru gifted it to you on level 1 of the Depths)

   It protects you from negative energy.
   It lets you fly.
 C - the +3 scale mail of the Bull {rCorr Int+5}
   (You found it on level 3 of the Lair of Beasts)

   It affects your intelligence (+5).
   It protects you from acid and corrosion.
 G - the +7 large shield "Daifik Meuso" (worn) {rCorr}
   (Okawaru gifted it to you on level 15 of the Dungeon)

   It protects you from acid and corrosion.
 O - a +4 chain mail (worn)
Jewellery
 m - an uncursed ring of fire
 n - a +4 ring of slaying (left hand)
 t - an uncursed ring of ice
 w - a +3 ring of evasion (right hand)
 z - an uncursed ring of magical power
 F - an amulet of faith (around neck)
 S - an uncursed ring of positive energy
Wands
 b - a wand of teleportation (7/9)
 l - a wand of hasting (7/9)
 D - a wand of random effects (21/48)
 E - a wand of teleportation (3/9)
 L - a wand of disintegration (11/24)
 M - a wand of iceblast (8/15)
 Q - a wand of lightning (5/15)
 U - a wand of lightning (3/15)
 X - a wand of polymorph (15/24)
Scrolls
 e - 12 scrolls of remove curse
 g - 4 scrolls of amnesia
 j - 9 scrolls of fear
 o - 5 scrolls of teleportation
 q - 2 scrolls of identify
 v - 5 scrolls of blinking
 x - a scroll of immolation
 H - a scroll of enchant armour
 K - 3 scrolls of fog
 P - 5 scrolls of enchant weapon
 W - a scroll of recharging
Potions
 c - a potion of cure mutation
 h - 5 potions of berserk rage
 i - 4 potions of curing
 p - 3 potions of agility
 r - 2 potions of heal wounds
 s - 3 potions of magic
 u - 3 potions of flight
 J - 4 potions of brilliance
 N - a potion of resistance
 V - a potion of invisibility
 Y - a potion of haste
Books
 R - a book of Frost

   Spells                             Type                      Level
   a - Freeze                         Ice                          1
   b - Throw Frost                    Conjuration/Ice              2
   c - Ozocubu's Armour               Charms/Ice                   3
   d - Throw Icicle                   Conjuration/Ice              4
   e - Summon Ice Beast               Ice/Summoning                4
Comestibles
 f - 10 bread rations
 B - 7 meat rations


   Skills:
 - Level 16.4 Fighting
 - Level 16.5 Axes
 + Level 8.7 Armour
 + Level 7.1 Dodging
 - Level 15.8 Shields
 - Level 3.8 Translocations
 - Level 14.2 Invocations


You had 14 spell levels left.
You knew the following spells:

 Your Spells              Type           Power        Failure   Level  Hunger
a - Apportation           Tloc           #.........   98%         1    ##.....


Dungeon Overview and Level Annotations

Branches:
Dungeon (15/15)            Temple (0/1) D:6            Lair (6/6) D:11
  Swamp (0/4) Lair:2        Snake (0/4) Lair:4        Slime (0/5) Lair:5
    Orc (2/2) D:11            Elf (0/3) Orc:2        Vaults (0/5) D:14
 Depths (1/5) D:15

Altars:
Dithmenos
Elyvilon
Fedhas
Kikubaaqudgha
Okawaru
Uskayaw
Vehumet
Beogh
Jiyva

Shops:
D:4 :(}[*   D:15 *   Orc:1 ?   Orc:2 (*=(


Innate Abilities, Weirdness & Mutations

You reflexively headbutt those who attack you in melee.
You have a pair of horns on your head.
You are partially covered in iridescent scales. (AC +2)
Your movements are slightly less encumbered by armour. (ER -2)


Message History

The frost giant gestures at you while chanting.
The bolt of cold hits you!
You hit the frost giant. You burn the frost giant.
You headbutt the frost giant.
The frost giant is heavily wounded.
You slash the frost giant! You burn the frost giant.
You headbutt the frost giant!
The frost giant is severely wounded.
The frost giant casts a spell at you. The bolt of cold hits you!
* * * LOW HITPOINT WARNING * * *
You slash the frost giant! You burn the frost giant.
The frost giant is almost dead.
The frost giant casts a spell at you. The bolt of cold hits you!
* * * LOW HITPOINT WARNING * * *
You feel much better.
The frost giant points at you and mumbles some strange words.
The bolt of cold hits you!
You die...

#............)......#
#.........##(#......#
##......(.#..#.......
#.....####(.####.###
#######.....# ..
#......### ..
#....).# ###.# .
##....#[#......
#...@.#†...#
#..C......##
#..####...... ....
......... ..##.
......≈≈≈ . ..
.....≈≈#≈# #.
....≈≈###≈ #.
..##.≈##


You could see a frost giant.

Vanquished Creatures
  Gastronok (Lair:3)
  2 azure jellies (Lair:5)
  2 orc warlords
  The ghost of Sarzael the Covert, a journeyman DsCK of Xom (Lair:3)
  2 very ugly things (Depths:1)
  A vampire knight (Depths:1)
  Nessos (D:14)
  3 spark wasps (Depths:1)
  Josephine (D:12)
  The ghost of vev the Grappler, a journeyman TrSu of Xom (Lair:1)
  A fire dragon (Lair:6)
  6 hydras
  An ice dragon (Depths:1)
  4 vault guards (D:14)
  Harold (Lair:3)
  2 catoblepae (Lair:6)
  5 centaur warriors
  2 ogre magi
  2 death knights
  The ghost of confidenceinterval the Protected, a journeyman GrGl of Uskayaw (Lair:2)
  5 orc high priests
  Sonja (D:13)
  A fire crab (shapeshifter) (Depths:1)
  A fire crab (Volcano)
  4 skeletal warriors (D:15)
  4 unseen horrors
  2 wizards (D:14)
  6 hill giants
  6 orc knights
  A lindwurm (Volcano)
  Pikel (D:4)
  A wolf spider zombie (D:15)
  2 wolf spiders
  A necromancer (Lair:3)
  7 orc sorcerers
  6 ugly things
  4 deep elf magi
  A salamander (shapeshifter) (D:15)
  3 manticores
  3 cyclopes
  An elephant (D:11)
  2 centaur zombies
  A guardian serpent (Lair:6)
  4 black mambas (Lair:6)
  An ice statue (Lair:6)
  4 centaur skeletons
  18 spiny frogs
  5 rime drakes
  12 komodo dragons
  6 yaktaurs
  A freezing wraith (Lair:6)
  11 trolls
  A harpy zombie (D:13)
  A polar bear (Lair:6)
  6 hornets
  A meliai (shapeshifter) (D:15)
  8 two-headed ogres
  2 slime creatures (D:15)
  5 blink frogs (Lair:3)
  Grinder (D:5)
  7 dream sheep (Lair:6)
  A harpy skeleton (D:14)
  11 hippogriffs
  A centaur simulacrum (D:14)
  A redback (Lair:6)
  5 wraiths
  A water elemental (D:14)
  A human (D:8)
  2 vampires
  6 fire bats (Volcano)
  9 wyverns
  46 yaks
  4 hogs (D:8)
  Eustachio (D:4)
  8 basilisks
  2 hungry ghosts
  3 steam dragons
  4 swamp worms (Lair:2)
  6 vampire mosquitoes
  A redback simulacrum (D:14)
  2 acid dragons
  2 wargs
  2 nagas (Lair:4)
  2 soldier ants
  3 hell hounds
  26 water moccasins
  Duvessa (D:4)
  7 porcupines
  A floating eye (shapeshifter) (D:12)
  A hornet zombie (D:8)
  3 swamp drakes (Lair:6)
  4 sky beasts
  2 black bears
  4 eyes of draining
  42 orc warriors
  14 ice beasts
  3 necrophages
  A phantom (D:7)
  15 ogres
  5 boggarts (D:15)
  8 centaurs
  12 wolves
  15 crocodiles
  24 bullfrogs
  6 gnoll sergeants
  7 big kobolds
  Blork the orc (D:4)
  A komodo dragon zombie (Lair:3)
  Dowan (D:4)
  A wyvern zombie (D:9)
  A wyvern skeleton (D:14)
  5 scorpions
  15 killer bees
  3 wights (D:15)
  4 howler monkeys
  4 crimson imps
  2 quasits
  8 electric eels
  A basilisk zombie (Lair:3)
  2 bullfrog zombies (D:5)
  9 hounds
  Crazy Yiuf (D:6)
  6 jellies
  41 orc priests
  30 orc wizards
  4 bullfrog skeletons
  11 iguanas
  14 worker ants
  Terence (D:3)
  4 hell rats (Lair:3)
  A crocodile zombie (Lair:3)
  A hound zombie (D:5)
  A howler monkey zombie (D:8)
  5 gnolls
  23 adders
  A river rat (Lair:6)
  5 shadow imps
  3 white imps (Lair:6)
  3 oozes
  An adder skeleton (D:8)
  6 worms
  4 dart slugs
  A leopard gecko (D:5)
  98 orcs
  8 bats
  4 giant cockroaches
  5 goblins
  9 hobgoblins
  6 jackals
  2 quokkas
  2 ball pythons
  5 frilled lizards
  31 kobolds
  A quokka skeleton (D:9)
  6 rats
  2 fungi
  15 plants
942 creatures vanquished.

Vanquished Creatures (others)
  A fire giant (Depths:1)
  A slave (D:4)
  A howler monkey (D:4)
  An orc priest (Orc:1)
  An orc wizard (D:4)
  A worker ant (D:4)
  3 orcs (D:4)
  6 fungi
  14 plants
29 creatures vanquished.

Grand Total: 971 creatures vanquished

Notes
Turn   | Place    | Note
-------+----------+-------------------------------------------
     0 | D:1      | Ijustatesigmund the Minotaur Fighter began the quest for the Orb.
     0 | D:1      | Reached XP level 1. HP: 19/19 MP: 0/0
   227 | D:1      | Reached XP level 2. HP: 27/27 MP: 1/1
   608 | D:2      | Reached XP level 3. HP: 33/33 MP: 2/2
  1044 | D:2      | Reached XP level 4. HP: 41/41 MP: 3/3
  1543 | D:3      | Reached skill level 5 in Axes
  1740 | D:3      | Found a blossoming altar of Fedhas.
  1818 | D:3      | Reached skill level 5 in Fighting
  1818 | D:3      | Reached XP level 5. HP: 32/48 MP: 4/4
  2269 | D:3      | Noticed Terence
  2279 | D:3      | Killed Terence
  2812 | D:4      | Found Kesaass's Antique Armour Shoppe.
  2827 | D:4      | Reached XP level 6. HP: 43/57 MP: 5/5
  2960 | D:4      | Found Seqous Bevuo's Assorted Antiques.
  3056 | D:4      | Noticed Duvessa
  3062 | D:4      | Noticed Dowan
  3066 | D:4      | Killed Duvessa
  3066 | D:4      | Reached XP level 7. HP: 66/66 MP: 6/6
  3086 | D:4      | Killed Dowan
  3142 | D:4      | Noticed Eustachio
  3195 | D:4      | Killed Eustachio
  3202 | D:4      | Found Ruevvoyfi's Antique Weapon Boutique.
  3237 | D:4      | Found Weetwuojai's Book Boutique.
  3238 | D:4      | Noticed Pikel
  3250 | D:4      | Killed Pikel
  3250 | D:4      | Reached XP level 8. HP: 48/77 MP: 7/7
  3416 | D:4      | Found a white marble altar of Elyvilon.
  3460 | D:4      | Noticed Blork the orc
  3464 | D:4      | Killed Blork the orc
  3480 | D:4      | Found Apufecza's Gadget Shoppe.
  3519 | D:4      | Reached skill level 1 in Dodging
  3545 | D:5      | Entered Level 5 of the Dungeon
  3900 | D:5      | Found a shadowy altar of Dithmenos.
  3929 | D:5      | Noticed Grinder
  3954 | D:5      | Paralysed by Grinder for 2 turns
  3958 | D:5      | Killed Grinder
  3958 | D:5      | Reached skill level 5 in Armour
  3958 | D:5      | Reached skill level 5 in Shields
  4095 | D:4      | Bought a scorched hat for 162 gold pieces
  4100 | D:4      | Identified the cursed +0 hat "Hobauts" {rElec} (You bought it in a shop on level 4 of the Dungeon)
  4162 | D:5      | Found an iron altar of Okawaru.
  4169 | D:5      | Reached XP level 9. HP: 81/82 MP: 8/8
  4175 | D:5      | Became a worshipper of Warmaster Okawaru
  4533 | D:6      | Found a runed door.
  4538 | D:6      | Noticed Crazy Yiuf
  4542 | D:6      | Killed Crazy Yiuf
  4917 | D:6      | Reached * piety under Okawaru
  4926 | D:6      | Reached skill level 5 in Dodging
  5475 | D:6      | Found a staircase to the Ecumenical Temple.
  6344 | D:8      | Reached ** piety under Okawaru
  6358 | D:8      | Reached XP level 10. HP: 67/92 MP: 9/9
  6481 | D:8      | Reached skill level 10 in Axes
  6493 | D:8      | Found a hide-covered altar of Uskayaw.
  6508 | D:8      | Reached skill level 10 in Fighting
  6523 | D:8      | Found a white marble altar of Elyvilon.
  6793 | D:8      | Reached *** piety under Okawaru
  7103 | D:9      | Found a radiant altar of Vehumet.
  7352 | D:9      | Reached **** piety under Okawaru
  7567 | D:9      | Found an ancient bone altar of Kikubaaqudgha.
  8028 | D:10     | Entered Level 10 of the Dungeon
  8102 | D:10     | Reached XP level 11. HP: 104/104 MP: 10/10
  8193 | D:10     | Noticed a hill giant
  8201 | D:10     | Killed a hill giant
  8201 | D:10     | Reached ***** piety under Okawaru
  8318 | D:11     | Noticed a hill giant
  8331 | D:11     | Killed a hill giant
  8521 | D:11     | Received a gift from Okawaru
  8753 | D:11     | Found a staircase to the Lair.
  8936 | Lair:1   | Entered Level 1 of the Lair of Beasts
  9190 | Lair:1   | Noticed a four-headed hydra
  9207 | Lair:1   | Killed a five-headed hydra
  9674 | Lair:1   | Reached skill level 1 in Invocations
  9812 | Lair:1   | Noticed vev's ghost (journeyman TrSu)
  9867 | D:11     | Found a staircase to the Orcish Mines.
 10048 | Orc:1    | Entered Level 1 of the Orcish Mines
 10069 | Orc:1    | Noticed an orc warlord
 10318 | D:11     | Noticed an ogre mage
 10318 | D:11     | Noticed a hill giant
 10318 | D:11     | Noticed a hill giant
 10318 | D:11     | Noticed a cyan ugly thing
 10319 | D:11     | Noticed a centaur warrior
 10325 | D:11     | Killed a cyan ugly thing
 10325 | D:11     | Reached XP level 12. HP: 97/117 MP: 10/13
 10345 | D:11     | Killed an ogre mage
 10350 | D:11     | Killed a centaur warrior
 10355 | D:11     | Received a gift from Okawaru
 10647 | D:4      | Bought a polished scale mail for 162 gold pieces
 10688 | D:4      | Bought a jewelled war axe for 246 gold pieces
 10688 | D:4      | Identified the +5 war axe "Gampiq" {flame, rN+ MR+} (You bought it in a shop on level 4 of the Dungeon)
 10699 | D:4      | Identified the +4 scale mail "Cahunt" {rElec rC- Str+2} (You bought it in a shop on level 4 of the Dungeon)
 10826 | D:10     | Reached skill level 5 in Invocations
 11255 | D:11     | Reached skill level 15 in Axes
 11297 | D:11     | Reached skill level 15 in Fighting
 11874 | D:12     | Noticed a death knight
 11881 | D:12     | Killed a death knight
 12311 | D:12     | Reached XP level 13. HP: 118/127 MP: 14/17
 12331 | D:12     | Learned a level 1 spell: Apportation
 12438 | D:12     | Noticed Josephine
 12449 | D:12     | Killed Josephine
 12458 | D:12     | Reached skill level 1 in Translocations
 12765 | D:13     | Noticed Sonja
 12774 | D:13     | Killed Sonja
 12798 | D:13     | Reached ****** piety under Okawaru
 13791 | D:14     | Received a gift from Okawaru
 13794 | D:14     | Got a scorched lajatang {god gift}
 13816 | D:14     | Noticed Nessos
 14199 | D:14     | Found a flickering gateway to a bazaar.
 14204 | Bazaar   | Entered a bazaar
 14218 | Bazaar   | Found Caprigh's Magic Scroll Shoppe.
 14218 | Bazaar   | Found Riurec's Antique Weapon Emporium.
 14239 | Bazaar   | Found Napho's Antique Armour Shoppe.
 14254 | Bazaar   | Found Wusesh's General Store.
 14254 | Bazaar   | Found Uscho's Gadget Emporium.
 14319 | Bazaar   | Bought a scroll of teleportation for 27 gold pieces
 14319 | Bazaar   | Bought a scroll of teleportation for 27 gold pieces
 14319 | Bazaar   | Bought a scroll of teleportation for 27 gold pieces
 14319 | Bazaar   | Bought a scroll of remove curse for 27 gold pieces
 14319 | Bazaar   | Bought a scroll of identify for 18 gold pieces
 14319 | Bazaar   | Bought a scroll of identify for 18 gold pieces
 14319 | Bazaar   | Bought a scroll of identify for 18 gold pieces
 14471 | D:14     | Received a gift from Okawaru
 14504 | D:14     | Got a shimmering battleaxe {god gift}
 14510 | D:14     | Identified the +4 battleaxe of Redghido {chaos, MP+9 Int+3} (Okawaru gifted it to you on level 14 of the Dungeon)
 14511 | D:14     | Identified the +7 lajatang "Ypualewe" {venom, rElec rN+} (Okawaru gifted it to you on level 14 of the Dungeon)
 14784 | D:14     | Found a gate to the Vaults.
 15561 | D:14     | Killed Nessos
 16298 | D:15     | Entered Level 15 of the Dungeon
 16299 | D:15     | Found Gushopt's Assorted Antiques.
 16428 | D:15     | Received a gift from Okawaru
 16434 | D:15     | Reached XP level 14. HP: 61/138 MP: 12/18
 16447 | D:15     | Got a fine large shield {god gift}
 16458 | D:15     | Identified the +7 large shield "Daifik Meuso" {rCorr} (Okawaru gifted it to you on level 15 of the Dungeon)
 17605 | D:15     | Found a staircase to the Depths.
 18051 | D:15     | Reached skill level 10 in Shields
 18242 | Lair:1   | Killed vev's ghost
 18536 | Lair:2   | Noticed confidenceinterval's ghost (journeyman GrGl)
 18548 | Lair:2   | Killed confidenceinterval's ghost
 18849 | Lair:2   | Reached skill level 10 in Invocations
 18863 | Lair:2   | Received a gift from Okawaru
 18866 | Lair:2   | Got an ebony war axe {god gift}
 18867 | Lair:2   | Identified the +10 war axe "Vargh" {chop, rN+ Str+4} (Okawaru gifted it to you on level 2 of the Lair of Beasts)
 19019 | Lair:2   | Found a staircase to the Swamp.
 19102 | Lair:3   | Noticed Harold
 19107 | Lair:3   | Killed Harold
 19244 | Lair:3   | Noticed Sarzael's ghost (journeyman DsCK)
 19256 | Lair:3   | Noticed Gastronok
 19284 | Lair:3   | Killed Sarzael's ghost
 19384 | Lair:3   | Killed Gastronok
 19437 | Lair:3   | Got a transparent scale mail
 20037 | Lair:3   | Identified the +3 scale mail of the Bull {rCorr Int+5} (You found it on level 3 of the Lair of Beasts)
 20125 | Lair:4   | Found a staircase to the Snake Pit.
 20863 | Lair:5   | Found a runed door.
 20863 | Lair:5   | Found a viscous altar of Jiyva.
 20867 | Lair:5   | Noticed an azure jelly
 21317 | Lair:5   | Found a dark tunnel.
 21323 | Volcano  | Entered a volcano
 21394 | Volcano  | Received a gift from Okawaru
 21447 | Volcano  | Reached XP level 15. HP: 114/145 MP: 22/22
 21646 | Lair:5   | Found a staircase to the Slime Pits.
 21646 | Lair:5   | Noticed an azure jelly
 21795 | Lair:6   | Entered Level 6 of the Lair of Beasts
 22058 | Lair:6   | Upgraded the game from 0.20-a0-16-g0876c8e to 0.20-a0-222-gb69ddcd
 22607 | Lair:6   | Received a gift from Okawaru
 22907 | Lair:6   | Got a twisted triple sword
 22915 | Lair:6   | Identified the +9 triple sword "Uresubag" {slice, rF+ Str+3} (You found it on level 6 of the Lair of Beasts)
 23351 | Lair:5   | Killed an azure jelly
 23356 | Lair:5   | Killed an azure jelly
 23356 | Lair:5   | Received a gift from Okawaru
 24033 | Lair:1   | Gained mutation: You are partially covered in iridescent scales. (AC +2) [potion of mutation]
 24033 | Lair:1   | Gained mutation: Your movements are slightly less encumbered by armour. (ER -2) [potion of mutation]
 24195 | Orc:1    | Found a roughly hewn altar of Beogh.
 24439 | Orc:1    | Found a roughly hewn altar of Beogh.
 24455 | Orc:1    | Killed an orc warlord
 24925 | Orc:2    | Entered Level 2 of the Orcish Mines
 25025 | Orc:2    | Found a staircase to the Elven Halls.
 25082 | Orc:2    | Found Ydghal's Antique Weapon Boutique.
 25123 | Orc:1    | Found Xuvugeir's Magic Scroll Shoppe.
 25321 | Orc:2    | Noticed an orc warlord
 25335 | Orc:2    | Reached XP level 16. HP: 53/152 MP: 21/25
 25336 | Orc:2    | Reached skill level 15 in Shields
 25595 | Orc:2    | Received a gift from Okawaru
 25705 | Orc:2    | Found Xorameog's General Store.
 25706 | Orc:2    | Found Poepteomoe's Jewellery Shop.
 25707 | Orc:2    | Found Igibuwudd's Antique Armour Shop.
 25707 | Orc:2    | Found Vuboidogu's Antique Weapon Boutique.
 25721 | Orc:2    | Bought a scroll of teleportation for 36 gold pieces
 25722 | Orc:2    | Bought a +4 ring of slaying for 780 gold pieces
 25925 | Orc:2    | Bought an iridescent war axe for 195 gold pieces
 25925 | Orc:2    | Identified the +10 war axe of Inconvenience {chop, rF+ SInv} (You bought it in a shop on level 2 of the Orcish Mines)
 26274 | Depths:1 | Entered Level 1 of the Depths
 26779 | Depths:1 | Received a gift from Okawaru
 26789 | Depths:1 | Got a pair of translucent boots {god gift}
 26795 | Depths:1 | Identified the +4 pair of boots of the Skies Above {+Fly rN+} (Okawaru gifted it to you on level 1 of the Depths)
 26987 | Depths:1 | Killed from afar by a frost giant

Vault maps used:
D:1:      dpeg_arrival_lava_altar
D:2:      bh_walls_and_bars
D:3:      nicolae_overflow_hidden_temple, uniq_terence
D:4:      serial_shops, shop, kennysheep_mini_moat, shop, shop_statue, shop,
          first_bread, minmay_misc_feat_diagonals, elyvilon_altar_1, uniq_pikel,
          uniq_duvessa, uniq_eustachio, uniq_blork_the_orc
D:5:      old_standard_altar, minmay_misc_feat_roman, okawaru_gym_becter,
          uniq_grinder
D:6:      hangedman_decor_opposing, uniq_crazy_yiuf_cottage
D:8:      grunt_temple_overflow_open, grunt_livestock
D:9:      kennysheep_spiral_hall, kennysheep_mini, vehumet_crystals,
          eino_tiny_chamber
D:10:     evilmike_surprise_oklob
D:11:     david_lair_generic, kennysheep_orc_monster_closet_entryway,
          minivault_28
D:12:     serial_glass, glass_columns_b, glass_columns_a, glass_columns_c,
          glass_columns_a, glass_columns_b, glass_columns_a, glass_columns_a,
          glass_columns_a, glass_columns_b, glass_columns_c,
          due_unseen_surprise, minmay_strange_pillars, item_on_display_a,
          uniq_josephine
D:13:     uniq_sonja
D:14:     lightli_vaults_fourway_checkpoint, serial_shops, bzr_entry_road,
          uniq_nessos
D:15:     hangedman_depths_entry_try_elsewhere_first, serial_shops,
          shop_fountains
Lair:2:   nicolae_swamp_entry_splash_gauntlet
Lair:3:   pond_and_an_island_with_a_cottage, serial_forest,
          infiniplex_forest_end_3, infiniplex_forest_split,
          infiniplex_forest_lined_2, infiniplex_forest_clump_diagonal,
          infiniplex_forest_join, infiniplex_forest_lined_2,
          infiniplex_forest_fountain, infiniplex_forest_lined_3, uniq_harold,
          uniq_gastronok
Lair:4:   guppyfry_snake_entry_garden, minivault_27
Lair:5:   slime_altar_2, enter_volcano_3
Lair:6:   guppyfry_lair_end_dragon, hangedman_lair_tendril_chambers, ice2_lemuel
Orc:1:    orc_temple, serial_shops, nicolae_shop_behind_doors, basic_altar
Orc:2:    st_orc_congregation, serial_shops, shop_fountains, special_room,
          nicolae_orc_rockfall, nicolae_orc_crystal_geode
Depths:1: pf_coc_iceberg, rand_demon_pan_entry_7,
          hangedman_abyss_or_decor_stagger, moated_statue, st_stairs_9,
          hangedman_eye_storm, uniq_aizul, uniq_sojobo
Bazaar:   bazaar_short_row
Volcano:  volcano_pools

Skill      XL: |  1  2  3  4  5  6  7  8  9 10 11 12 13 14 15 16 |
---------------+-------------------------------------------------+-----
Axes           | 3 4 5 6 7 9 12 14 15 16 | 16.5
Fighting       | 4 5 7 8 9 12 14 15 16 | 16.4
Dodging        | 3 5 6 7 |  7.1
Armour         | 5 7 8 |  8.7
Shields        | 5 7 12 14 15 | 15.8
Invocations    | 3 6 7 11 13 14 | 14.2
Translocations | 3 |  3.8

Action                   |  1- 3 |  4- 6 |  7- 9 | 10-12 | 13-15 | 16-18 || total
-------------------------+-------+-------+-------+-------+-------+-------++-------
Melee: War axe           |    83 |   137 |   270 |   454 |  1313 |   148 ||  2405
       Headbutt          |    10 |    20 |    46 |    97 |   315 |    42 ||   530
Throw: Throwing net      |       |     2 |       |       |       |       ||     2
Invok: Heroism           |       |       |       |     8 |    10 |     1 ||    19
       Finesse           |       |       |       |       |     2 |       ||     2
Evoke: Wand              |       |       |       |     7 |     6 |       ||    13
  Use: Scroll            |     6 |     6 |     1 |     9 |    27 |     2 ||    51
       Potion            |       |       |       |       |    11 |     1 ||    12
 Stab: Held in net/web   |       |     1 |       |       |       |       ||     1
       Distracted        |       |       |       |       |     1 |       ||     1
  Eat: Chunk             |       |     6 |     5 |     6 |     5 |     3 ||    25
       Meat ration       |       |     1 |       |       |       |       ||     1
       Pizza             |       |       |     1 |     9 |       |       ||    10
       Beef jerky        |       |       |       |       |     6 |       ||     6
       Bread ration      |       |       |       |       |     6 |     1 ||     7
       Royal jelly       |       |       |       |       |     1 |       ||     1
Armor: Scale mail        |    26 |    54 |   101 |   108 |    52 |       ||   341
       Chain mail        |       |       |       |    50 |   230 |    15 ||   295
Dodge: Dodged            |    21 |    39 |   119 |   310 |   291 |    17 ||   797
Block: Shield            |    42 |    72 |    39 |       |       |       ||   153
       Buckler           |       |       |    64 |   162 |    99 |       ||   325
       Large shield      |       |       |       |       |   823 |    93 ||   916
